 Dungeon Crawl Stone Soup version 0.22-a0-348-gd16d139 (webtiles) character file.

452 BaronVonScrub the Skirmisher (level 7, -5/47 HPs)
             Began as a Gargoyle Fighter on Apr 8, 2018.
             Slain by an ogre
             ... wielding a +0 giant club
              (25 damage)
             ... on level 4 of the Dungeon.
             The game lasted 00:13:56 (3015 turns).

BaronVonScrub the Skirmisher (Gargoyle Fighter)     Turns: 3015, Time: 00:13:57

Health: -5/47      AC: 15    Str: 20 (23) XL:     7   Next: 4%
Magic:  7/7        EV:  8    Int: 11 (13) God:
Gold:   94         SH: 11    Dex:  8 (9)  Spells: 6/6 levels left

rFire    . . .     SeeInvis .   a - +0 war axe
rCold    . . .     Gourm    .   c - +1 shield
rNeg     + . .     Faith    .   b - +0 scale mail
rPois    ∞         Spirit   .   (no helmet)
rElec    +         Reflect  .   l - +0 cloak
rCorr    .         Harm     .   (no gloves)
MR       .....                  (no boots)
Stlth    +.........             (no amulet)
HPRegen  0.15/turn              h - +2 ring of strength
MPRegen  0.10/turn              e - +2 ring of intelligence

@: no status effects
A: iridescent scales 1, clever 1, negative energy resistance 1, electricity
resistance, unbreathing, petrification resistance, rot immunity, sturdy frame 1,
AC +4
a: no special abilities


You were on level 4 of the Dungeon.
You were not hungry.

You visited 1 branch of the dungeon, and saw 4 of its levels.

You collected 94 gold pieces.

Inventory:

Hand Weapons
 a - a +0 war axe (weapon)
Armour
 b - a +0 scale mail (worn)
 c - a +1 shield (worn)
 i - a +0 shield
 l - a +0 cloak (worn)
Jewellery
 e - a +2 ring of intelligence (right hand)
 g - an uncursed amulet of inaccuracy
 h - a +2 ring of strength (left hand)
Scrolls
 j - 3 scrolls of identify
 o - 3 scrolls of magic mapping
Comestibles
 f - 7 rations


   Skills:
 * Level 6.6 Fighting
 - Level 3.5 Axes
 + Level 2.7 Throwing
 + Level 5.5 Armour
 - Level 0.4 Dodging
 - Level 5.6 Stealth
 + Level 5.8 Shields


You had 6 spell levels left.
You didn't know any spells.

Dungeon Overview and Level Annotations

Branches:
Dungeon (4/15)
 Temple: D:4-7

Altars:
Kikubaaqudgha
Vehumet


Innate Abilities, Weirdness & Mutations

You are resistant to torment.
Your stone body is resilient. (AC +4)
You are immune to poison.
You resist negative energy. (rN+)
You are resistant to electric shocks. (rElec)
You can survive without breathing.
You are immune to petrification.
You are immune to rotting.
You are partially covered in iridescent scales. (AC +2)
Your mind is acute. (Int +2)
Your movements are slightly less encumbered by armour. (ER -2)


Message History

An ogre comes into view. It is wielding a giant club.
Found a scroll of random uselessness.
There is a stone staircase leading up here.
Sorry, you're not good enough to have a special ability.
You block the ogre's attack.
You hit the ogre.
The ogre is lightly wounded.
You block the ogre's attack.
You slash the ogre!
The ogre is moderately wounded.
The ogre hits you with a giant club!!
You feel better.
You slash the ogre!
The ogre is severely wounded.
The ogre barely misses you. The ogre hits you with a giant club!
You barely miss the ogre.
The ogre is severely wounded.
The ogre hits you with a giant club!!
Ouch! That really hurt!
You die...

##### #....
#.... #######
#....##......#
#?....#......#
#.............
#....<@O.....#
#....#........
#....##...##..
##### ......
.##.## .# ..#
.# .# .# .


You could see an ogre.

Vanquished Creatures
  Sigmund (D:3)
  2 orc priests (D:3)
  Natasha (thrice) (D:3)
  2 adders
  3 worms
  3 dart slugs
  5 leopard geckos
  8 orcs (D:3)
  6 giant cockroaches
  11 goblins
  11 hobgoblins
  A quokka (D:2)
  2 ball pythons
  9 bats
  3 frilled lizards
  7 kobolds
  11 rats
88 creatures vanquished.

Notes
Turn   | Place    | Note
-------+----------+-------------------------------------------
     0 | D:1      | BaronVonScrub the Gargoyle Fighter began the quest for the Orb.
     0 | D:1      | Reached XP level 1. HP: 14/14 MP: 1/1
    83 | D:1      | Reached XP level 2. HP: 15/19 MP: 2/2
   245 | D:1      | Reached skill level 6 in Fighting
   245 | D:1      | Reached skill level 5 in Armour
   245 | D:1      | Reached skill level 5 in Stealth
   245 | D:1      | Reached skill level 5 in Shields
   245 | D:1      | Reached XP level 3. HP: 28/28 MP: 3/3
   766 | D:1      | Reached XP level 4. HP: 31/32 MP: 4/4
   996 | D:2      | Found an ancient bone altar of Kikubaaqudgha.
  1488 | D:2      | Gained mutation: Your mind is acute. (Int +2) [potion of mutation]
  1488 | D:2      | Gained mutation: You are partially covered in iridescent scales. (AC +2) [potion of mutation]
  1488 | D:2      | Gained mutation: Your movements are slightly less encumbered by armour. (ER -2) [potion of mutation]
  1696 | D:2      | Found a radiant altar of Vehumet.
  1845 | D:3      | Reached XP level 5. HP: 34/37 MP: 5/5
  2241 | D:3      | Noticed Natasha
  2248 | D:3      | Killed Natasha
  2291 | D:3      | Noticed Natasha
  2297 | D:3      | Killed Natasha
  2488 | D:3      | Noticed Natasha
  2491 | D:3      | Killed Natasha
  2491 | D:3      | Reached XP level 6. HP: 42/42 MP: 6/6
  2702 | D:3      | Noticed Sigmund
  2743 | D:3      | Killed Sigmund
  2743 | D:3      | Reached XP level 7. HP: 42/47 MP: 7/7
  3015 | D:4      | Slain by an ogre

Vault maps used:
D:1:      lemuel_arrival_cross, minmay_misc_feat_more_columns,
          corexii_corridor_pit, glass_columns_b
D:2:      nicolae_overflow_hidden_temple, minmay_misc_feat_plants
D:3:      first_ration, serial_bayou_pond_e, uniq_natasha, uniq_sigmund
D:4:      minmay_temple_entry_glass, uniq_pikel, uniq_grinder, uniq_eustachio,
          uniq_edmund

Skill      XL: |  1  2  3  4  5  6 |
---------------+-------------------+-----
Axes           | 2 3 |  3.5
Fighting       | 6 |  6.6
Throwing       | 2 |  2.7
Armour         | 5 |  5.5
Stealth        | 5 |  5.6
Shields        | 5 |  5.8
Dodging        | |  0.4

Action                   |  1- 3 |  4- 6 |  7- 9 || total
-------------------------+-------+-------+-------++-------
Melee: War axe           |    99 |   298 |    32 ||   429
  Use: Potion            |     3 |     6 |     1 ||    10
       Scroll            |       |     5 |       ||     5
 Stab: Sleeping          |     1 |     2 |       ||     3
  Eat: Chunk             |       |     7 |     1 ||     8
Armor: Scale mail        |    81 |   152 |    15 ||   248
Dodge: Dodged            |    47 |   116 |    14 ||   177
Block: Shield            |    91 |   186 |    20 ||   297

Table legend:
 A = Spawn XP
 B = Non-spawn XP
 C = Spawn XP percentage of total XP
 D = Spawn monster count
 E = Non-spawn monster count
 F = Spawn count percentage of total count
 G = Total turns spent on level
                    A         B        C        D         E        F      G
               +---------+---------+-------+---------+---------+-------+---------
         Total |       0 |     607 |   0.0 |       0 |      88 |   0.0 |  3015
               +---------+---------+-------+---------+---------+-------+---------
           D:1 |       0 |      50 |   0.0 |       0 |      27 |   0.0 |   951
           D:2 |       0 |      73 |   0.0 |       0 |      28 |   0.0 |   822
           D:3 |       0 |     484 |   0.0 |       0 |      33 |   0.0 |  1236
               +---------+---------+-------+---------+---------+-------+---------
